 Dungeon Crawl Stone Soup version 0.19-a0-1870-gc32fe5a (webtiles) character file.

427 Psiweapon the Magician (level 6, 0/52 HPs)
             Began as a Naga Warper on Oct 12, 2016.
             Was an Initiate of Cheibriados.
             Slain by a hound (3 damage)
             ... on level 6 of the Dungeon on Oct 13, 2016.
             The game lasted 00:30:45 (5570 turns).

Psiweapon the Magician (Naga Warper)                Turns: 5570, Time: 00:30:46

Health: 0/52       AC:  3    Str: 14    XL:     6   Next: 97%
Magic:  7/12       EV: 10    Int: 15    God:    Cheibriados [......]
Gold:   182        SH:  0    Dex: 15    Spells: 5 memorised, 3 levels left

rFire  . . .     SeeInvis +     a - +7 spear "Newtbane" {venom, *Noise rElec rC+ Dex+2}
rCold  + . .     Gourm    .     g - +0 leather armour
rNeg   . . .     Faith    .     (no shield)
rPois  +         Spirit   .     (no helmet)
rElec  +         Dismiss  .     (no cloak)
rCorr  .         Reflect  .     (no gloves)
MR     .....     Harm     .     (no barding)
Stlth  +.........               (no amulet)
                                (no ring)
                                r - ring of see invisible

@: very slow
A: see invisible, deformed body, poison resistance, slowness 2, slow metabolism
1, spit poison 1, AC +2
a: Spit Poison, Bend Time, Renounce Religion


You were on level 6 of the Dungeon.
You worshipped Cheibriados.
Cheibriados was noncommittal.
You were very hungry.

You visited 2 branches of the dungeon, and saw 7 of its levels.

You collected 182 gold pieces.

Inventory:

Hand Weapons
 a - the +7 spear "Newtbane" (weapon) {venom, *Noise rElec rC+ Dex+2}
   (You found it on level 5 of the Dungeon)

   It poisons the flesh of those it strikes.
   It affects your dexterity (+2).
   It protects you from cold.
   It insulates you from electricity.
   It may make noises in combat.
 b - a +0 hunting sling
 l - a +0 spear
 v - a +0 long sword
 y - a +0 dagger of venom
Missiles
 e - 4 tomahawks of dispersal (quivered)
 k - 20 sling bullets
 o - 54 stones
 w - 2 tomahawks
Armour
 g - a +0 leather armour (worn)
 h - a +0 scale mail
 i - a cursed +0 chain mail
Jewellery
 r - a ring of see invisible (left hand)
Scrolls
 d - a scroll of blinking
 j - a scroll of fear {unknown}
 p - a scroll of fog {unknown}
 s - 2 scrolls of teleportation {unknown}
 t - 2 scrolls of identify
 u - 3 scrolls of remove curse {unknown}
 x - a scroll of random uselessness {unknown}
Potions
 m - 2 potions of curing
 z - a potion of magic {unknown}
 A - a potion of agility {unknown}
Books
 c - a book of Spatial Translocations

   Spells                             Type                      Level
   a - Blink                          Translocation                2
   b - Shroud of Golubria             Charms/Translocation         2
   c - Lesser Beckoning               Translocation                3
   d - Portal Projectile              Translocation                3
   e - Teleport Other                 Translocation                3
   f - Passage of Golubria            Translocation                4
 B - a book of Maledictions

   Spells                             Type                      Level
   a - Corona                         Hexes                        1
   b - Ensorcelled Hibernation        Hexes/Ice                    2
   c - Confuse                        Hexes                        3
   d - Tukima's Dance                 Hexes                        3
   e - Dazzling Spray                 Conjuration/Hexes            3
Comestibles
 f - 5 bread rations
 n - 6 fruits
 q - 3 meat rations


   Skills:
 - Level 2.0 Fighting
 - Level 2.0 Polearms
 - Level 3.5(3.6) Slings
 - Level 1.0(2.4) Throwing
 - Level 1.4 Armour
 - Level 1.6 Dodging
 - Level 4.5 Spellcasting
 + Level 0.8 Hexes
 - Level 3.4 Translocations
 + Level 0.9 Invocations


You had 3 spell levels left.
You knew the following spells:

 Your Spells              Type           Power        Failure   Level  Hunger
a - Corona                Hex            #......      17%         1    None
b - Blink                 Tloc           N/A          10%         2    ##.....
c - Ensorcelled Hibernat  Hex/Ice        #.....       28%         2    ##.....
p - Portal Projectile     Tloc           ##....       17%         3    ###....
B - Lesser Beckoning      Tloc           ##........   17%         3    ###....


Dungeon Overview and Level Annotations

Branches:
Dungeon (6/15)             Temple (1/1) D:4

Altars:
Ashenzari
Cheibriados
Dithmenos
Elyvilon
Gozag
Hepliaklqana
Okawaru
Ru
Sif Muna
Trog
Uskayaw
Vehumet
Yredelemnul
Zin
The Shining One


Innate Abilities, Weirdness & Mutations

You cannot wear boots.
Your serpentine skin is tough. (AC +2)
You have supernaturally acute eyesight. (SInv)
Armour fits poorly on your strangely shaped body.
Your system is resistant to poisons. (rPois)
You cover ground very slowly.
You have a slow metabolism.
You can spit poison.


Message History

* * * LOW HITPOINT WARNING * * *
Unknown command.
The flow of time bends around you.
Cheibriados rebukes the gnoll.
The gnoll seems to slow down.
Cheibriados rebukes the gnoll.
The gnoll seems to slow down.
Cheibriados rebukes the adder.
The adder seems to slow down.
The hound resists with some effort.
You are feeling very hungry.
The hound misses you. The gnoll closely misses you. The gnoll hits you.
* * * LOW HITPOINT WARNING * * *
The adder bites you but does no damage. The gnoll barely misses you.
Attack whom?
Press: ? - help, Dir - move target cursor, f/p - gnoll
Aim: a gnoll, wielding a halberd You reach to attack!
You hit the gnoll.
The gnoll is poisoned.
The gnoll is lightly wounded.
The hound bites you.
You die...

##########
#........#
#........#
####......<.#
#..g@h......#
#.##gS......##
#.g........
#####........##
#......(..####
######.....(.<.#
.....#.........#
#.....(.....##
#..<.......#


You could see a hound, 3 gnolls and an adder.

Vanquished Creatures
  A phantom (D:5)
  A scorpion (D:4)
  A hound (D:4)
  A bullfrog skeleton (D:5)
  2 orc wizards (D:5)
  A gnoll (D:6)
  3 adders
  An ooze (D:3)
  6 dart slugs
  6 worms
  4 leopard geckos
  11 orcs
  3 ball pythons
  7 bats
  4 giant cockroaches
  9 goblins
  8 hobgoblins
  8 jackals
  2 quokkas
  3 frilled lizards
  6 kobolds
  A quokka skeleton (D:3)
  12 rats
101 creatures vanquished.

Notes
Turn   | Place    | Note
-------+----------+-------------------------------------------
     0 | D:1      | Psiweapon the Naga Warper began the quest for the Orb.
     0 | D:1      | Reached XP level 1. HP: 19/19 MP: 3/3
   103 | D:1      | Reached skill level 1 in Throwing
   198 | D:1      | Reached XP level 2. HP: 23/26 MP: 5/5
   939 | D:1      | Reached skill level 1 in Slings
   939 | D:1      | Reached XP level 3. HP: 32/32 MP: 7/7
  1365 | D:1      | Reached skill level 3 in Spellcasting
  1739 | D:1      | Learned a level 2 spell: Blink
  1743 | D:1      | Learned a level 3 spell: Lesser Beckoning
  1747 | D:1      | Learned a level 3 spell: Portal Projectile
  1881 | D:2      | Reached XP level 4. HP: 39/39 MP: 4/8
  3125 | D:4      | Reached XP level 5. HP: 26/45 MP: 10/10
  3445 | D:5      | Entered Level 5 of the Dungeon
  3457 | D:5      | Reached skill level 4 in Spellcasting
  3460 | D:5      | Noticed a phantom
  3541 | D:5      | Killed a phantom
  3541 | D:5      | Reached XP level 6. HP: 9/52 MP: 6/12
  3899 | D:3      | Reached skill level 1 in Armour
  4175 | D:3      | Found a shadowy altar of Dithmenos.
  4275 | D:3      | Found a snail-covered altar of Cheibriados.
  4278 | D:3      | Became a worshipper of Cheibriados the Contemplative
  4536 | D:4      | Found a staircase to the Ecumenical Temple.
  4755 | Temple   | Entered the Ecumenical Temple
  4857 | D:4      | Found a radiant altar of Vehumet.
  4857 | D:4      | Found a bloodstained altar of Trog.
  5102 | D:5      | Got a warped spear
  5103 | D:5      | Identified the +7 spear "Newtbane" {venom, *Noise rElec rC+ Dex+2} (You found it on level 5 of the Dungeon)
  5333 | D:4      | Found a glowing silver altar of Zin.
  5336 | D:4      | Learned a level 1 spell: Corona
  5339 | D:4      | Learned a level 2 spell: Ensorcelled Hibernation
  5570 | D:6      | Slain by a hound

Vault maps used:
D:1:      mrwooster_arrival_statue_3, serial_forest,
          infiniplex_forest_lined_ring, infiniplex_forest_clump_curved,
          infiniplex_forest_lined_2, infiniplex_forest_straight_3,
          infiniplex_forest_fountain, minmay_hexomino_c4
D:3:      lemuel_doored_altar, first_bread,
          nicolae_dithmenos_through_a_glass_darkly
D:4:      kennysheep_mini_moat, gammafunk_temple_overflow_statue,
          minmay_misc_feat_rows
D:5:      uniq_pikel
D:6:      lemuel_zombie_altar_kikubaaqudgha, grunt_qazlal_sundering,
          water_maze_lemuel
Temple:   eino_temple_water

Skill      XL: |  1  2  3  4  5  6 |
---------------+-------------------+-----
Throwing       | 1 |  1.0
Slings         | 1 2 3 |  3.5
Spellcasting   | 3 4 |  4.5
Armour         | 1 |  1.4
Fighting       | |  2.0
Polearms       | |  2.0
Dodging        | |  1.6
Hexes          | |  0.8
Translocations | |  3.4
Invocations    | |  0.9

Action                   |  1- 3 |  4- 6 || total
-------------------------+-------+-------++-------
Melee: Spear             |    50 |    40 ||    90
       Dagger            |    53 |   119 ||   172
 Fire: Hunting sling     |    65 |   141 ||   206
Throw: Tomahawk          |       |     1 ||     1
 Cast: Blink             |     2 |    10 ||    12
Invok: Bend Time         |       |     1 ||     1
 Abil: Spit Poison       |       |     1 ||     1
  Use: Potion            |       |     2 ||     2
       Scroll            |       |     1 ||     1
  Eat: Chunk             |     1 |     8 ||     9
       Fruit             |     1 |     2 ||     3
Armor: Leather armour    |    28 |    26 ||    54
Dodge: Dodged            |    57 |   105 ||   162
